 Dungeon Crawl Stone Soup version 0.29.0-11-gd7f09526c8 (webtiles) character file.

Game seed: 1581934266290015027

577 DoubleLucky the Ruffian (level 7, 0/66 HPs)
             Began as a Troll Fighter on Sept 5, 2022.
             Slain by an orc warrior
             ... wielding a +0 battleaxe
              (17 damage)
             ... on level 6 of the Dungeon.
             The game lasted 00:11:53 (4082 turns).

DoubleLucky the Ruffian (Troll Fighter)             Turns: 4082, Time: 00:11:54

Health: 0/66       AC:  4    Str: 25    XL:     7   Next: 13%
Magic:  6/6        EV:  8    Int:  6    God:
Gold:   140        SH:  8    Dex:  9    Spells: 6/6 levels left

rFire   . . .      SeeInvis .     - Unarmed
rCold   . . .      Faith    .   b - +0 kite shield
rNeg    . . .      Spirit   .   a - +0 robe
rPois   .          Reflect  .   (helmet restricted)
rElec   .          Harm     .   (no cloak)
rCorr   .          Rampage  .   (gloves unavailable)
Will    .....                   (boots unavailable)
Stlth   +.........              (no amulet)
HPRegen 1.01/turn               (no ring)
MPRegen 0.10/turn               (no ring)

@: no status effects
A: large, unfitting armour, claws 3, regeneration 1, shaggy fur 1, tough skin 1
a: no special abilities


You were on level 6 of the Dungeon.
You visited 1 branch of the dungeon, and saw 6 of its levels.

You collected 179 gold pieces.
You spent 39 gold pieces at shops.

Inventory:

Hand Weapons
 e - a +1 whip of electrocution
Missiles
 g - 28 stones (quivered)
 n - 27 poisoned darts
 o - 2 boomerangs
 z - 4 atropa-tipped darts
Armour
 a - a +0 robe (worn)
 b - a +0 kite shield (worn)
Wands
 d - a wand of flame (9)
 p - a wand of charming (9)
 r - a wand of digging (4)
 t - a wand of mindburst (8)
Scrolls
 h - 3 scrolls of fear
 k - 3 scrolls of amnesia
 l - 5 scrolls of teleportation
 q - a scroll of brand weapon
 y - a scroll of fog {unknown}
Potions
 f - 4 potions of heal wounds
 i - a potion of berserk rage {unknown}
 j - 2 potions of mutation
 m - a potion of attraction {unknown}
 s - 3 potions of curing
 u - 2 potions of lignification {unknown}
 v - a potion of flight {unknown}
 w - a potion of brilliance
 x - a potion of degeneration {unknown}


   Skills:
 - Level 2.4 Fighting
 - Level 2.4 Dodging
 + Level 5.4 Shields
 - Level 6.0 Unarmed Combat


You had 6 spell levels left.
You didn't know any spells.
Your spell library contained the following spells:

 Spells                   Type           Power      Damage    Failure   Level
 Magic Dart               Conj           0%         1d3       73%         1
 Summon Small Mammal      Summ           0%         N/A       73%         1
 Searing Ray              Conj           0%         2d4       86%         2
 Call Canine Familiar     Summ           0%         N/A       97%         3
 Summon Guardian Golem    Hex/Summ       0%         N/A       97%         3
 Fulminant Prism          Conj/Hex       0%         3d6       100%        4


Dungeon Overview and Level Annotations

Branches:
Dungeon (6/15)
 Temple: D:4-7

Altars:

Shops:
D:3 *:[[=   D:4 *

Annotations:
D:4 1 runed translucent door, Crazy Yiuf


Innate Abilities, Weirdness & Mutations

You are too large for most types of armour.
You have claws for hands.
Your natural rate of healing is unusually fast.
You are covered in fur. (AC +1)
You have tough skin. (AC +1)


Message History

You barely miss the orc warrior.
The orc warrior is heavily wounded.
The adder hisses angrily.
The orc warrior hits you with a +0 battleaxe!!
You scratch the orc warrior but do no damage.
The orc warrior is heavily wounded.
The orc warrior hits you with a +0 battleaxe.
A necrophage comes into view.
The orc wizard casts a spell.
The orc wizard flickers and vanishes!
Deactivating autopickup; reactivate with Ctrl-A.
You scratch the orc warrior.
The orc warrior is severely wounded.
The orc warrior hits you with a +0 battleaxe.
You closely miss the orc warrior.
The orc warrior is severely wounded.
You block the orc warrior's attack.
You closely miss the orc warrior.
The orc warrior is severely wounded.
The orc warrior hits you with a +0 battleaxe!
You barely miss the orc warrior.
The orc warrior is severely wounded.
You block the orc warrior's attack.
You claw the orc warrior!
The orc warrior is almost dead.
The orc warrior closely misses you.
You scratch the orc warrior but do no damage.
The orc warrior is almost dead.
The orc warrior hits you with a +0 battleaxe!
* * * LOW HITPOINT WARNING * * *
You scratch the orc warrior but do no damage.
The orc warrior is almost dead.
You block the orc warrior's attack.
You barely miss the orc warrior.
The orc warrior is almost dead.
The orc warrior barely misses you.
You scratch the orc warrior but do no damage.
The orc warrior is almost dead.
The orc warrior hits you with a +0 battleaxe!
You die...

### ..# #
#.##### ##.
#..[..# ##...
#.....#
#....o##.....#
...8o{o@.....#
##..S###.....+
#. #.<...#
#.....#
##.#)## #.#.#
..#.# ###
####.###.#
#.)...#


You could see an orc warrior, an adder and 2 orcs.

Vanquished Creatures
  An orc warrior (D:6)
  A kobold brigand (D:5)
  A jelly (D:6)
  4 hounds
  An iguana (D:4)
  3 orc wizards
  5 adders
  2 white imps
  A worm (D:2)
  4 dart slugs
  10 orcs
  6 endoplasms
  A giant cockroach (D:3)
  8 goblins
  5 hobgoblins
  4 jackals
  4 quokkas
  8 ball pythons
  8 bats
  A frilled lizard (D:1)
  12 kobolds
  6 rats
96 creatures vanquished.

Vanquished Creatures (others)
  A plant (D:2)
1 creature vanquished.

Grand Total: 97 creatures vanquished

Notes
Turn   | Place    | Note
-------+----------+-------------------------------------------
     0 | D:1      | DoubleLucky the Troll Fighter began the quest for the Orb.
     0 | D:1      | Reached XP level 1. HP: 22/22 MP: 0/0
   356 | D:1      | Reached XP level 2. HP: 29/29 MP: 1/1
   543 | D:1      | Reached skill level 3 in Unarmed Combat
   795 | D:1      | Reached XP level 3. HP: 36/36 MP: 2/2
  1210 | D:2      | Reached skill level 4 in Unarmed Combat
  1494 | D:2      | Reached XP level 4. HP: 42/44 MP: 3/3
  1836 | D:3      | Reached skill level 5 in Unarmed Combat
  1894 | D:3      | Found Nefovez's Jewellery Shoppe.
  1936 | D:3      | Found Ahinguw's Armour Emporium.
  1998 | D:3      | Found Lisawn's Book Boutique.
  2041 | D:3      | Found Laimehaa's Antique Armour Shoppe.
  2119 | D:3      | Found a faded altar of an unknown god.
  2164 | D:3      | Found Emneiretu's General Store.
  2172 | D:3      | Bought a potion of curing for 39 gold pieces
  2209 | D:3      | Reached XP level 5. HP: 48/50 MP: 4/4
  2712 | D:4      | Found Nutomoke's Elemental Accessories.
  2786 | D:4      | Found a runed translucent door.
  2787 | D:4      | Noticed Crazy Yiuf
  2856 | D:4      | Reached skill level 6 in Unarmed Combat
  3275 | D:5      | Entered Level 5 of the Dungeon
  3340 | D:5      | Reached XP level 6. HP: 50/59 MP: 5/5
  4007 | D:6      | Noticed an orc warrior
  4030 | D:6      | Killed an orc warrior
  4031 | D:6      | Reached skill level 5 in Shields
  4031 | D:6      | Reached XP level 7. HP: 37/66 MP: 6/6
  4082 | D:6      | Slain by an orc warrior

Illustrated notes

Levels and vault maps discovered:
D:1:      onia_arrival_mini_maze, layout_basic, serial_corexii_hall,
          corexii_hall_statues_l, chequers_hall_statues_wall_a,
          corexii_hall_statues_i, chequers_hall_statues_corner_a
D:2:      layout_rooms, serial_forest, infiniplex_forest_lined_2,
          infiniplex_forest_fountain, infiniplex_forest_lined_room_,
          infiniplex_forest_diagonal, infiniplex_forest_split,
          infiniplex_forest_clump_small, corexii_corridor_pit
D:3:      layout_basic, serial_shops, shop, nicolae_shop_stone,
          nicolae_square_shop, nicolae_shop_behind_doors,
          nicolae_shop_hallway_plus, ebering_ecumenical_altar_webs
D:4:      layout_loops_ring, nicolae_elemental_shop,
          hangedman_decor_peaks_small, uniq_crazy_yiuf_cottage
D:5:      layout_basic
D:6:      layout_basic, gammafunk_temple_overflow_pools,
          minmay_temple_entry_glass, serial_shops,
          nicolae_shop_bloodbath_and_beyond, grunt_ministairs_15

Skill      XL: |  1  2  3  4  5  6 |
---------------+-------------------+-----
Unarmed Combat | 3 4 5 6 |  6.0
Shields        | 3 5 |  5.4
Fighting       | |  2.4
Dodging        | |  2.4

Action                   |  1- 3 |  4- 6 |  7- 9 || total
-------------------------+-------+-------+-------++-------
Melee: Unarmed           |   112 |   161 |    14 ||   287
       Punch             |     1 |     3 |       ||     4
Throw: Stone             |       |     4 |       ||     4
  Use: Scroll            |       |     8 |       ||     8
       Potion            |       |     3 |       ||     3
Armor: Robe              |    44 |    33 |       ||    77
Dodge: Dodged            |    66 |    63 |     2 ||   131
Block: Kite shield       |       |    20 |     4 ||    24
